 Dungeon Crawl Stone Soup version 0.27.1-37-g7b29ead8ac (console) character file.

Game seed: 1372268942844936196

21288 grimtooth the Convoker (level 12, -6/88 HPs)
             Began as a Barachi Summoner on Aug 14, 2023.
             Was a Priest of Elyvilon.
             Mangled by an eight-headed hydra (7 damage)
             ... on level 6 of the Lair of Beasts on Aug 16, 2023.
             The game lasted 02:06:38 (22493 turns).

grimtooth the Convoker (Barachi Summoner)          Turns: 22493, Time: 02:06:41

Health: -6/88      AC:  5    Str: 10    XL:     12   Next: 88%
Magic:  33/33      EV: 18    Int: 20    God:    Elyvilon [***...]
Gold:   815        SH:  0    Dex: 13    Spells: 11/27 levels left

rFire    . . .     SeeInvis .   b - +2 short sword (protect)
rCold    . . .     Faith    .   (no shield)
rNeg     . . .     Spirit   .   G - +1 robe {Will+}
rPois    .         Reflect  .   (no helmet)
rElec    .         Harm     .   (no cloak)
rCorr    .         Rampage  .   (no gloves)
Will     +....                  D - +1 pair of boots
Stlth    ++........             e - amulet of magic regeneration
HPRegen  0.24/turn              w - ring of magical power
MPRegen  0.48/turn              n - +4 ring of evasion

@: unable to hop, slow
A: amphibious, slowness 1, strong legs 1, +LOS
a: Hop, Renounce Religion, Lesser Healing, Heal Other, Purification, Divine
Protection


You were on level 6 of the Lair of Beasts.
You worshipped Elyvilon.
Elyvilon was most pleased with you.
You visited 3 branches of the dungeon, and saw 16 of its levels.

You collected 877 gold pieces.
You spent 62 gold pieces at shops.

Inventory:

Hand Weapons
 a - a +0 short sword of venom
 b - a +2 short sword of protection (weapon)
 A - a +3 scimitar
Missiles
 i - a curare-tipped dart
 o - 54 poisoned darts (quivered)
 y - 13 boomerangs
 F - 17 javelins
Armour
 D - a +1 pair of boots (worn)
 G - a +1 robe of willpower (worn)
 I - the +1 leather armour of Satisfaction {Int+6}
   (You found it on level 4 of the Lair of Beasts)

   Int:       It affects your intelligence (+6).
 O - a +3 troll leather armour {Snorg}
Magical Staves
 P - a staff of fire
Jewellery
 e - an amulet of magic regeneration (around neck)
 f - a ring of flight
 k - a +4 ring of protection
 n - a +4 ring of evasion (right hand)
 p - a ring of protection from cold
 w - a ring of magical power (left hand)
 H - a ring of positive energy
 K - a +6 ring of intelligence
 N - an amulet of faith
Wands
 h - a wand of flame (1)
 B - a wand of paralysis (11)
Scrolls
 j - a scroll of acquirement {unknown}
 l - 5 scrolls of magic mapping {unknown}
 q - 3 scrolls of fog {unknown}
 r - a scroll of enchant weapon {unknown}
 s - 2 scrolls of fear
 t - 2 scrolls of enchant armour
 v - 4 scrolls of vulnerability {unknown}
 x - 3 scrolls of immolation {unknown}
 E - 2 scrolls of blinking
 M - a scroll of silence {unknown}
Potions
 c - 5 potions of attraction {unknown}
 d - 7 potions of curing
 g - 3 potions of cancellation
 m - 3 potions of lignification
 u - a potion of flight
 z - a potion of might {unknown}
 J - 7 potions of ambrosia
 L - a potion of brilliance
 Q - a potion of mutation {unknown}


   Skills:
 - Level 6.0 Fighting
 - Level 6.0 Dodging
 - Level 1.7 Stealth
 + Level 8.1 Spellcasting
 - Level 6.0 Hexes
 - Level 15.0 Summonings
 - Level 9.0 Ice Magic
 + Level 8.8 Invocations


You had 11 spell levels left.
You knew the following spells:

 Your Spells              Type           Power      Damage    Failure   Level
o - Ozocubu's Armour      Ice            44%        N/A       1%          3
B - Summon Ice Beast      Ice/Summ       54%        N/A       1%          4
L - Summon Small Mammal   Summ           100%       N/A       1%          1
M - Summon Guardian Gole  Hex/Summ       50%        N/A       1%          3
N - Call Canine Familiar  Summ           62%        N/A       1%          3
P - Call Imp              Summ           62%        N/A       1%          2

Your spell library contained the following spells:

 Spells                   Type           Power      Damage    Failure   Level
 Freeze                   Ice            100%       1d11      1%          1
 Frozen Ramparts          Ice            88%        1d10      1%          3
 Shadow Creatures         Summ           N/A        N/A       2%          6
 Summon Lightning Spire   Summ/Air       38%        N/A       3%          4
 Summon Mana Viper        Hex/Summ       50%        N/A       3%          5
 Cause Fear               Hex            16%        N/A       7%          4
 Apportation              Tloc           16%        N/A       9%          1
 Sandblast                Erth           16%        2d6       9%          1
 Shock                    Conj/Air       32%        1d5       9%          1
 Corpse Rot               Necr/Air       N/A        N/A       13%         2
 Passwall                 Tmut/Erth      6%         N/A       13%         2
 Poisonous Vapours        Pois/Air       16%        N/A       13%         2
 Sublimation of Blood     Necr           4%         N/A       13%         2
 Hailstorm                Conj/Ice       26%        3d7       13%         4
 Monstrous Menagerie      Summ           31%        N/A       16%         7
 Fulminant Prism          Conj/Hex       10%        3d9       24%         4
 Gell's Gravitas          Tloc           4%         N/A       26%         3
 Lesser Beckoning         Tloc           4%         N/A       26%         3
 Swiftness                Air            8%         N/A       26%         3
 Teleport Other           Tloc           8%         N/A       26%         3
 Freezing Cloud           Conj/Ice/Air   10%        6-21      56%         5
 Airstrike                Air            4%         N/A       63%         4
 Iskenderun's Mystic Bla  Conj/Tloc      8%         2d4       63%         4
 Petrify                  Tmut/Erth      8%         N/A       63%         4
 Invisibility             Hex            16%        N/A       73%         6
 Ozocubu's Refrigeration  Ice            22%        4d9       87%         7
 Alistair's Intoxication  Tmut/Pois      5%         N/A       93%         5
 Irradiate                Conj/Tmut      4%         3d14      93%         5
 Lee's Rapid Deconstruct  Erth           4%         3d6*      93%         5
 Dragon Form              Tmut           4%         N/A       100%        7
 Dragon's Call            Summ           31%        N/A       100%        9


Dungeon Overview and Level Annotations

Branches:
Dungeon (9/15)             Temple (1/1) D:5            Lair (6/6) D:8
  Swamp (0/4) Lair:3        Snake (0/4) Lair:2        Slime (0/5) Lair:5
    Orc (0/2) D:9

Altars:
Ashenzari
Cheibriados
Dithmenos
Elyvilon
Fedhas
Gozag
Hepliaklqana
Kikubaaqudgha
Makhleb
Nemelex Xobeh
Okawaru
Qazlal
Ru
Sif Muna
Trog
Uskayaw
Vehumet
Wu Jian
Xom
Yredelemnul
Zin
The Shining One
Jiyva

Shops:
D:1 =   D:3 *

Annotations:
D:3 1 runed translucent door, exclusions: black bear and hound, AverageBear's ghost, weakling DDFi
D:7 skeletal!, exclusions: centaur and skeleton


Innate Abilities, Weirdness & Mutations

You are amphibious.
You cover ground slowly.
You can hop short distances.
You have an extended range of vision and can be seen from far away.


Message History

You see here a yak skeleton.
Your ice beast disappears in a puff of smoke!
You see here a +2 antimagic dire flail.
A hydra and a catoblepas come into view.
Found 247 gold pieces.
The eight-headed hydra roars!
The catoblepas bellows!
Press: ? - help, Dir - move target, f - eight-headed hydra Heal: an eight-headed hydra (chance to pacify: 65%)
The eight-headed hydra turns neutral.
Your life force feels restored.
Press: ? - help, Dir - move target, f - catoblepas, p - eight-headed hydra Heal: a catoblepas (chance to pacify: 62%)
The light of Elyvilon fails to reach the catoblepas.
You can no longer provide greater healing for yourself.
Press: ? - help, Dir - move target, f/p - catoblepas Heal: a catoblepas (chance to pacify: 62%)
The catoblepas turns neutral.
Your Spellcasting skill increases to level 8!
An eight-headed hydra is nearby!
The eight-headed hydra bites you. The eight-headed hydra bites you! x2
The eight-headed hydra bites you. The eight-headed hydra bites you! x2
The eight-headed hydra bites you.
The eight-headed hydra barely misses you.
You see here a +2 antimagic dire flail.
Hop to where?
Press: ? - help, Dir - move target, p - catoblepas Boing!
You start resting.
The eight-headed hydra bites you! The eight-headed hydra bites you.
* * * LOW HITPOINT WARNING * * *
The eight-headed hydra bites you.
* * * LOW HITPOINT WARNING * * *
The eight-headed hydra bites you!
* * * LOW HITPOINT WARNING * * *
The eight-headed hydra bites you!
* * * LOW HITPOINT WARNING * * *
The eight-headed hydra bites you! Elyvilon protects you from harm!
The eight-headed hydra bites you!
You die...

..#.....##..#### ###.......#..P.#
##............##
##..............#
#..♣...♣.♣.....##
...♣♣.≈..≈≈..♣.##
...♣..≈..≈≈.≈≈..#
.....≈.≈≈..≈.≈≈♣♣ ##
....≈.≈..≈≈.≈.≈≈♣#.# #.
...≈.≈...≈≈≈.≈.D♣..#####... ## #
.≈≈.≈.≈.≈.≈.≈.≈.@♣........# #.#.#
...≈....≈.≈≈≈≈.≈≈♣.....#.. ##..##
...≈..≈≈.≈..≈≈.≈≈.......# #P....
.≈≈.≈≈..≈.≈≈..≈..♣......#####...÷
.≈≈.≈≈≈≈.≈....≈..♣#........P....#
...≈.≈.≈.≈.≈.≈.≈≈..#...........(#
..≈.≈.≈≈≈...≈.≈.♣................
.♣≈≈.≈.≈≈..≈.≈..♣........P.#.#...
...≈≈.≈..≈≈.≈..♣....†.....#†..###
#..♣≈≈.≈≈..≈..♣............###.##
.....♣.≈≈..≈.......#........# ##


You could see a neutral eight-headed hydra (wandering).

Vanquished Creatures
  A hydra (Lair:4)
  A black mamba (Lair:6)
  A cane toad (Lair:1)
  A troll (D:9)
  A blink frog (Lair:3)
  4 yaks
  2 water moccasins (D:8)
  An ice beast (D:8)
  A wolf (Lair:4)
  3 centaurs
  A kobold brigand (D:9)
  5 bullfrogs
  3 killer bees (D:9)
  3 wights (D:8)
  A howler monkey (D:9)
  2 electric eels (Lair:6)
  An orc priest (D:6)
  A gnoll shaman (D:7)
  2 orc wizards
  A hell rat (Lair:6)
  A gnoll (D:7)
  An adder (D:5)
  An adder skeleton (D:4)
  A dart slug (D:5)
  3 orcs
  An endoplasm (D:3)
  2 goblins
  A hobgoblin (D:4)
  4 kobolds
  2 quokkas
  A bat (D:1)
  A frilled lizard (D:1)
  4 rats
59 creatures vanquished.

Vanquished Creatures (collateral kills)
  Snorg (Lair:5)
  A boulder beetle (Lair:4)
  2 hydras
  Urug (Lair:2)
  3 elephants (Lair:5)
  A guardian serpent (Lair:2)
  3 black mambas
  A torpor snail (Lair:4)
  11 cane toads
  4 rime drakes
  6 komodo dragons
  4 polar bears
  Prince Ribbit (D:9)
  2 blink frogs (Lair:3)
  2 shadows (D:9)
  2 basilisks (Lair:6)
  9 wyverns
  19 yaks
  3 swamp worms (Lair:4)
  11 water moccasins
  A nameless horror (D:9)
  A sky beast (D:7)
  2 hell hounds (Lair:6)
  A necrophage (D:5)
  3 black bears
  An ogre (D:6)
  9 wolves
  2 phantoms (D:6)
  2 kobold brigands
  8 bullfrogs
  A scorpion (D:8)
  2 water moccasin skeletons
  26 killer bees
  3 wights (D:6)
  3 howler monkeys (D:8)
  3 centaur zombies
  2 hounds (D:6)
  3 jellies
  4 bullfrog skeletons
  2 orc priests
  An iguana (D:5)
  3 scorpion zombies (D:5)
  8 orc wizards
  6 hell rats (Lair:6)
  A killer bee zombie (D:9)
  9 gnolls
  4 adders
  A shadow imp (D:5)
  A white imp (D:6)
  2 ufetubi
  A worm (D:2)
  2 dart slugs
  26 orcs
  2 bats
  5 endoplasms
  4 goblins
  4 hobgoblins
  3 jackals (D:2)
  4 quokkas
  7 ball pythons
  2 frilled lizards
  16 kobolds
  7 rats
285 creatures vanquished.

Vanquished Creatures (others)
  A hydra (Lair:5)
  A catoblepas (Lair:6)
  2 death yaks (Lair:6)
  A deep elf pyromancer (D:9)
  2 elephants (Lair:5)
  A black mamba (Lair:1)
  A komodo dragon (Lair:1)
  A queen bee (Lair:1)
  A blink frog (Lair:3)
  6 yaks
  A wyvern (Lair:6)
  2 water moccasins
  2 orc warriors (D:9)
  A kobold brigand (D:9)
  A wight (D:8)
  A hell rat (Lair:6)
  A gnoll (D:7)
  A kobold (D:9)
  A bush (Lair:1)
  77 fungi
  72 plants
177 creatures vanquished.

Grand Total: 521 creatures vanquished

Notes
Turn   | Place    | Note
-------+----------+-------------------------------------------
     0 | D:1      | grimtooth the Barachi Summoner began the quest for the Orb.
     0 | D:1      | Reached XP level 1. HP: 13/13 MP: 3/3
   412 | D:1      | Reached skill level 5 in Summonings
   445 | D:1      | Found a faded altar of an unknown god.
   463 | D:1      | Got Plato's Grimoire of Feathers
   626 | D:1      | Reached XP level 2. HP: 17/19 MP: 0/5
   689 | D:1      | Learned a level 2 spell: Call Imp
  1079 | D:1      | Found Acaeth's Jewellery Boutique.
  2011 | D:2      | Reached XP level 3. HP: 14/24 MP: 1/7
  3093 | D:3      | Noticed AverageBear's ghost (weakling DDFi)
  3191 | D:3      | Noticed a black bear
  3224 | D:3      | Found Udothroleod's Assorted Antiques.
  3234 | D:3      | Bought a scroll labelled DAVEGE FEBLO for 17 gold pieces
  3234 | D:3      | Bought a fuming ruby potion for 15 gold pieces
  3234 | D:3      | Bought a murky golden potion for 15 gold pieces
  3234 | D:3      | Bought a fuming ruby potion for 15 gold pieces
  3240 | D:3      | Found a runed translucent door.
  3690 | D:3      | Found a broken altar of Ashenzari.
  4088 | D:4      | Reached skill level 6 in Summonings
  4088 | D:4      | Reached XP level 4. HP: 26/30 MP: 2/8
  4868 | D:4      | Reached XP level 5. HP: 35/35 MP: 10/10
  5122 | D:5      | Entered Level 5 of the Dungeon
  5266 | D:5      | Reached skill level 7 in Summonings
  5352 | D:5      | Noticed a black bear
  5369 | D:5      | Killed a black bear
  5370 | D:5      | Reached XP level 6. HP: 41/41 MP: 12/12
  5699 | D:5      | Learned a level 3 spell: Call Canine Familiar
  5959 | D:5      | Found a glowing golden altar of the Shining One.
  5963 | D:5      | Found an ancient bone altar of Kikubaaqudgha.
  5963 | D:5      | Found a blossoming altar of Fedhas.
  5965 | D:5      | Found a snail-covered altar of Cheibriados.
  6017 | D:5      | Found a staircase to the Ecumenical Temple.
  6033 | D:5      | Reached skill level 8 in Summonings
  6243 | Temple   | Entered the Ecumenical Temple
  6378 | Temple   | Became a worshipper of Elyvilon the Healer
  6451 | D:5      | - crap did not think of that
  6790 | D:5      | Noticed a necrophage
  6800 | D:5      | Killed a necrophage
  6801 | D:5      | Reached XP level 7. HP: 46/46 MP: 13/13
  6856 | D:5      | Reached skill level 9 in Summonings
  7218 | D:6      | Reached skill level 1 in Fighting
  7366 | D:6      | Reached * piety under Elyvilon
  7938 | D:6      | Reached ** piety under Elyvilon
  8367 | D:6      | Reached XP level 8. HP: 41/60 MP: 14/14
  9177 | D:7      | Noticed a skeletal warrior
  9458 | D:8      | Learned a level 3 spell: Summon Guardian Golem
  9558 | D:8      | Reached skill level 5 in Dodging
  9832 | D:8      | Reached skill level 5 in Fighting
 10185 | D:8      | Found an opulent altar of Gozag.
 10693 | D:8      | Reached skill level 1 in Hexes
 10850 | D:8      | Reached skill level 1 in Invocations
 11039 | D:8      | Noticed a yak
 11062 | D:8      | Killed a yak
 11090 | D:8      | Reached XP level 9. HP: 68/69 MP: 10/15
 11382 | D:8      | Found a staircase to the Lair.
 11567 | D:9      | Reached *** piety under Elyvilon
 11581 | D:9      | Noticed a deep elf pyromancer
 11595 | D:9      | Killed a deep elf pyromancer
 11596 | D:9      | Reached skill level 5 in Hexes
 11722 | D:9      | Found a sparkling altar of Nemelex Xobeh.
 11740 | D:9      | Noticed a troll
 11749 | D:9      | Killed a troll
 11750 | D:9      | Reached skill level 5 in Invocations
 11779 | D:9      | Learned a level 4 spell: Summon Ice Beast
 11894 | D:9      | Found a staircase to the Orcish Mines.
 12038 | D:9      | Noticed Prince Ribbit
 12063 | D:9      | Killed Prince Ribbit
 12064 | D:9      | Reached skill level 1 in Ice Magic
 12084 | D:9      | Learned a level 3 spell: Ozocubu's Armour
 12493 | D:9      | Reached XP level 10. HP: 76/76 MP: 9/16
 12782 | D:9      | Reached skill level 5 in Ice Magic
 12978 | D:9      | Found a shimmering altar of Xom.
 13164 | Lair:1   | Entered Level 1 of the Lair of Beasts
 13164 | Lair:1   | Noticed a cane toad
 13177 | Lair:1   | Killed a cane toad
 13305 | Lair:1   | Noticed a cane toad
 13314 | Lair:1   | Killed a cane toad
 13556 | Lair:1   | Noticed a black mamba
 13572 | Lair:1   | Killed a black mamba
 13580 | Lair:1   | Noticed a cane toad
 13629 | Lair:1   | Killed a cane toad
 13685 | Lair:1   | Reached skill level 10 in Summonings
 14006 | Lair:1   | Reached **** piety under Elyvilon
 14307 | Lair:1   | Reached skill level 11 in Summonings
 14308 | Lair:1   | Reached XP level 11. HP: 67/81 MP: 17/17
 15015 | Lair:2   | Found a staircase to the Snake Pit.
 15705 | Lair:2   | Reached skill level 12 in Summonings
 15815 | Lair:2   | You fall into a shaft and drop 2 floors!
 15875 | Lair:4   | Noticed a boulder beetle
 15875 | Lair:4   | Noticed a seven-headed hydra
 15902 | Lair:4   | Killed a boulder beetle
 15906 | Lair:4   | Killed a seven-headed hydra
 15980 | Lair:4   | Noticed a five-headed hydra
 15987 | Lair:4   | Killed a five-headed hydra
 16149 | Lair:3   | Found a staircase to the Swamp.
 16626 | Lair:3   | Reached ***** piety under Elyvilon
 16978 | Lair:2   | Noticed Urug
 16991 | Lair:2   | Killed Urug
 16992 | Lair:2   | Reached skill level 5 in Spellcasting
 17625 | Lair:3   | Reached skill level 13 in Summonings
 18915 | Lair:4   | You fall into a shaft and drop 2 floors!
 18915 | Lair:6   | Entered Level 6 of the Lair of Beasts
 18915 | Lair:6   | Noticed a death yak
 18915 | Lair:6   | Noticed a death yak
 18915 | Lair:6   | Noticed a death yak
 18915 | Lair:6   | Noticed a death yak
 18915 | Lair:6   | Noticed a death yak
 19281 | Lair:6   | Noticed a catoblepas
 19282 | Lair:6   | Pacified a catoblepas
 19283 | Lair:6   | Reached XP level 12. HP: 88/88 MP: 21/21
 19315 | Lair:6   | Killed a catoblepas
 19557 | Lair:5   | Reached skill level 14 in Summonings
 19779 | Lair:5   | Noticed a four-headed hydra
 19871 | Lair:5   | Noticed an eight-headed hydra
 19979 | Lair:4   | Got the Handbook of Creative Enchantment
 20174 | Lair:4   | Identified the +1 leather armour of Satisfaction {Int+6}
 20233 | Lair:5   | Pacified a four-headed hydra
 20283 | Lair:5   | Noticed a seven-headed hydra
 20301 | Lair:5   | Killed a seven-headed hydra
 20622 | Lair:5   | Found a viscous altar of Jiyva.
 20623 | Lair:5   | Found a staircase to the Slime Pits.
 20636 | Lair:5   | Noticed Snorg
 20644 | Lair:5   | Killed Snorg
 20645 | Lair:5   | Killed an eight-headed hydra
 21183 | Lair:6   | Pacified a death yak
 21184 | Lair:6   | Pacified a death yak
 21193 | Lair:6   | Killed a death yak
 21208 | Lair:6   | Pacified a death yak
 21210 | Lair:6   | Pacified a death yak
 21211 | Lair:6   | Reached skill level 15 in Summonings
 21212 | Lair:6   | Killed a death yak
 21813 | Lair:6   | Noticed an eight-headed hydra
 21814 | Lair:6   | Pacified an eight-headed hydra
 22445 | Lair:6   | Noticed an eight-headed hydra
 22445 | Lair:6   | Noticed a catoblepas
 22446 | Lair:6   | Pacified an eight-headed hydra
 22448 | Lair:6   | Pacified a catoblepas
 22493 | Lair:6   | HP: 1/88 [eight-headed hydra (14)]
 22493 | Lair:6   | Elyvilon protects you from harm!
 22493 | Lair:6   | Mangled by an eight-headed hydra

Illustrated notes

#.##...........
#...........##.
###.....#####
###...# ##..#
#.## #.# ##.##
. ##...#
....#....##
........@.##
.#####.....#
###....$...<#
##.#####o[# ###


Turn 6451 on D:5: - crap did not think of that

Levels and vault maps discovered:
D:1:      dpeg_arrival_tiny_g, layout_basic, serial_shops, shop,
          shapermc_ecumenical_altar_rom_forum, nrook_mini_backslash
D:2:      layout_basic, kennysheep_generic_room_4
D:3:      layout_basic, hellmonk_ghost_happy_afterlife, serial_shops,
          nicolae_shop_temple_entry_statues_fountains, minivault_24,
          st_stairs_9, kennysheep_flooded_box
D:4:      layout_basic
D:5:      layout_layer_cave, grunt_temple_overflow_open,
          minmay_temple_entry_trees
D:6:      layout_layer_cave
D:7:      layout_cave_pools, minmay_manual_moon
D:8:      layout_basic, grunt_gozag_breadcrumbs, due_lair_maze_entry_diamond
D:9:      layout_gridville, mainiacjoe_overflow_catch_the_wave, david_orc_2,
          st_stairs_11, uniq_prince_ribbit1
Temple:   regret_index_temple_waves
Lair:1:   layout_loops_ring, special_room [special_room_bee], grunt_megastairs_1
Lair:2:   layout_cave_pods, minmay_snake_entry_spellcaster, uniq_urug
Lair:3:   layout_cave_pods, swamp_mist, chequers_serial_rivers_micro_a,
          serial_bayou_shore_b, lemuel_fruit_tree
Lair:4:   layout_cave_shapes, mumra_transporter_accident,
          nicolae_lair_grove_arrangements, worms_lemuel
Lair:5:   layout_hall_layers, slime_altar_1, uniq_snorg
Lair:6:   cheibrodos_lair_end_hotspot, layout_misc_corridors, special_room
          [special_room_mythical_zoo], nicolae_quartered_pool_super,
          columned_hall_lemuel, eino_small_chamber_without_monster,
          chequers_serial_rivers_small_b, st_stairs_10

Skill      XL: |  1  2  3  4  5  6  7  8  9 10 11 12 |
---------------+-------------------------------------+-----
Summonings     | 5 6 7 8 9 11 13 15 | 15.0
Spellcasting   | 3 4 6 8 |  8.1
Fighting       | 4 6 |  6.0
Dodging        | 4 6 |  6.0
Hexes          | 3 6 |  6.0
Invocations    | 2 6 7 8 |  8.8
Ice Magic      | 3 9 |  9.0
Stealth        | |  1.7

Action                   |  1- 3 |  4- 6 |  7- 9 | 10-12 || total
-------------------------+-------+-------+-------+-------++-------
Melee: Unarmed           |    20 |       |       |       ||    20
       Dagger            |    55 |    66 |    72 |       ||   193
       Short sword       |       |       |    97 |   282 ||   379
Throw: Stone             |    10 |       |       |       ||    10
       Dart              |     2 |    32 |    65 |    60 ||   159
       Boomerang         |       |     3 |    31 |    11 ||    45
       Javelin           |       |       |     1 |       ||     1
 Cast: Summon Small Mamm |    52 |    21 |    61 |       ||   134
       Call Imp          |    23 |    40 |       |       ||    63
       Call Canine Famil |       |    11 |    59 |    31 ||   101
       Summon Guardian G |       |       |    18 |    17 ||    35
       Summon Ice Beast  |       |       |     3 |   176 ||   179
       Ozocubu's Armour  |       |       |     1 |    15 ||    16
Invok: Heal Other        |       |       |       |    18 ||    18
       Greater Healing   |       |       |       |     3 ||     3
       Lesser Healing    |       |       |       |     1 ||     1
 Abil: Hop               |     2 |     3 |    11 |    10 ||    26
Evoke: Wand              |       |     3 |    14 |     7 ||    24
  Use: Scroll            |       |     4 |     8 |     8 ||    20
       Potion            |       |       |     1 |     3 ||     4
 Stab: Sleeping          |     5 |       |     1 |     1 ||     7
       Distracted        |     1 |       |     2 |     3 ||     6
       Paralysed         |       |       |     2 |       ||     2
Armor: Robe              |    34 |    11 |    37 |    86 ||   168
Dodge: Dodged            |    84 |    63 |   173 |   351 ||   671
